 Dungeon Crawl Stone Soup version 0.21-a0-278-ga722497 (webtiles) character file.

4745 mhoghedin the Tainter (level 10, 69/69 HPs)
             Began as a Grey Draconian Venom Mage on Sept 22, 2017.
             Was a High Priest of Sif Muna.
             Quit the game on level 7 of the Dungeon.
             The game lasted 00:31:25 (9052 turns).

mhoghedin the Tainter (Grey Draconian Venom Mage)   Turns: 9052, Time: 00:31:25

Health: 69/69      AC: 14    Str: 10    XL:     10   Next: 22%
Magic:  17/17      EV: 14    Int: 19    God:    Sif Muna [*****.]
Gold:   492        SH:  0    Dex: 15    Spells: 1/19 levels left

rFire    . . .     SeeInvis .   s - +1 hand axe (elec)
rCold    . . .     Gourm    +   (no shield)
rNeg     . . .     Faith    .   (armour unavailable)
rPois    .         Spirit   .   (helmet restricted)
rElec    .         Reflect  .   (no cloak)
rCorr    .         Harm     .   l - +1 pair of gloves
MR       .....                  (no boots)
Stlth    ++........             v - amulet of the gourmand (curse) {Gourm, !d}
HPRegen  0.21/turn              k - +3 ring of dexterity
MPRegen  0.15/turn              e - +2 ring of evasion

@: divine energy
A: walk through water, unfitting armour, antennae 1, stinger 1, wild magic 1,
unbreathing, cold-blooded, AC +12
a: Stop Divine Energy, Channel Magic, Forget Spell, Renounce Religion


You were on level 7 of the Dungeon.
You worshipped Sif Muna.
Sif Muna was extremely pleased with you.
You were not hungry.

You visited 1 branch of the dungeon, and saw 8 of its levels.

You collected 492 gold pieces.

Inventory:

Hand Weapons
 c - a +0 dagger
   (You took it off a kobold on level 1 of the Dungeon)
 i - a +1 short sword of protection
   (You took it off a kobold on level 1 of the Dungeon)
 s - a +1 hand axe of electrocution (weapon)
   (You took it off an orc on level 3 of the Dungeon)
Missiles
 g - 3 throwing nets {=f, !d}
Armour
 l - a +1 pair of gloves (worn)
   (You found it on level 2 of the Dungeon)
Jewellery
 e - a +2 ring of evasion (right hand)
   (You took it off a kobold on level 2 of the Dungeon)
 k - a +3 ring of dexterity (left hand)
   (You found it on level 1 of the Dungeon)
 m - an uncursed ring of protection from magic {MR+, !d}
   (You took it off Sigmund on level 3 of the Dungeon)
 v - a cursed amulet of the gourmand (around neck) {Gourm, !d}
   (You took it off a hobgoblin on level 5 of the Dungeon)
 M - an uncursed amulet of regeneration {+regen, !d}
   (You found it on level 7 of the Dungeon)
Wands
 p - a wand of flame (35/48)
   (You found it on level 7 of the Dungeon)
 q - a wand of random effects (36/48)
   (You found it on level 6 of the Dungeon)
 u - a wand of flame (9/48)
   (You took it off a hobgoblin on level 5 of the Dungeon)
 z - a wand of iceblast (5/15)
   (You found it on level 6 of the Dungeon)
 H - a wand of confusion (1/48)
   (You found it on level 6 of the Dungeon)
Scrolls
 f - a scroll of teleportation
 n - 2 scrolls of recharging
 w - 4 scrolls of remove curse
 x - 3 scrolls of amnesia
 y - 2 scrolls of immolation {unknown}
 B - a scroll of fog {unknown}
 C - a scroll of blinking {unknown}
 E - a scroll of acquirement {unknown}
 F - 2 scrolls of identify
 L - a scroll of enchant armour
Potions
 d - a potion of flight
 o - a potion of resistance
 r - 4 potions of curing
 t - 2 potions of invisibility
 I - a potion of ambrosia {unknown}
 J - a potion of might {unknown}
 K - a potion of magic {unknown}
 N - a potion of heal wounds
Books
 a - a Young Poisoner's Handbook
 A - a book of Callings
   (You found it on level 6 of the Dungeon)
 D - the Reference Book on Heat and the Snowflakes
   (You found it on level 4 of the Dungeon)

   Spells                             Type                      Level
   a - Flame Tongue                   Conjuration/Fire             1
   b - Throw Icicle                   Conjuration/Ice              4
   c - Bolt of Magma                  Conjuration/Fire/Earth       5
   d - Ignition                       Fire                         8
 O - a book of Frost
   (You found it on level 8 of the Dungeon)
 P - Sif Muna's Incunabulum of Contamination and Combat Magic
   (Sif Muna gifted it to you on level 8 of the Dungeon)

   Spells                             Type                      Level
   a - Magic Dart                     Conjuration                  1
   b - Searing Ray                    Conjuration                  2
   c - Iskenderun's Mystic Blast      Conjuration                  4
   d - Venom Bolt                     Conjuration/Poison           5
   e - Conjure Ball Lightning         Conjuration/Air              6
   f - Orb of Destruction             Conjuration                  7
Comestibles
 b - 9 bread rations {@e1}
 h - 5 fruits
 j - 3 royal jellies
 G - 3 meat rations {@e2}


   Skills:
 - Level 1.4 Short Blades
 - Level 1.8 Dodging
 - Level 3.1 Stealth
 - Level 5.0 Spellcasting
 + Level 7.1 Conjurations
 - Level 5.2 Summonings
 - Level 5.3 Ice Magic
 - Level 2.0 Air Magic
 + Level 9.0 Poison Magic


You had one spell level left.
You knew the following spells:

 Your Spells              Type           Power        Failure   Level  Hunger
a - Olgreb's Toxic Radia  Pois           ######..     5%          4    ####...
b - Poisonous Vapours     Pois/Air       ####..       3%          2    #......
c - Venom Bolt            Conj/Pois      #####.....   17%         5    ######.
d - Summon Ice Beast      Ice/Summ       ####....     21%         4    ####...
x - Mephitic Cloud        Conj/Pois/Air  #####...     5%          3    ##.....


Dungeon Overview and Level Annotations

Branches:
Dungeon (8/15)             Temple (0/1) D:6
   Lair: D:8-11

Altars:
Ashenzari
Dithmenos
Fedhas
Makhleb
Nemelex Xobeh
Qazlal
Sif Muna
Vehumet
The Shining One

Shops:
D:5 :   D:6 !   D:8 ?

Annotations:
D:2 Grinder


Innate Abilities, Weirdness & Mutations

You can walk through water.
Your dull iron-grey scales are very hard. (AC +12)
You cannot fit into any form of body armour.
You can survive without breathing.
You are cold-blooded and may be slowed by cold attacks.
You have a pair of small antennae on your head.
Your tail ends in a poisonous barb.
Your spells are a little harder to cast, but a little more powerful.


Message History

There is a stone staircase leading down here.
A water moccasin comes into view.
Autopickup is now off.
Autopickup is now on.
A chill wind blows around you.
You now have 13/17 mp.
You miscast Summon Ice Beast.
Sif Muna protects you from the effects of your miscast!
The water moccasin hisses angrily.
You now have 9/17 mp.
A chill wind blows around you.
You now have 5/17 mp.
The water moccasin barely misses your ice beast.
The water moccasin barely misses your ice beast.
Your ice beast closely misses the water moccasin.
The water moccasin bites your ice beast but does no damage.
Your ice beast completely misses the water moccasin.
The water moccasin barely misses your ice beast.
The water moccasin bites your ice beast.
Your ice beast hits the water moccasin.
Your ice beast freezes the water moccasin!
The water moccasin seems to slow down.
The water moccasin completely misses your ice beast.
Your ice beast hits the water moccasin.
Your ice beast freezes the water moccasin!
The water moccasin seems to slow down.
The water moccasin bites your ice beast.
Your ice beast hits the water moccasin.
Your ice beast freezes the water moccasin!
The water moccasin seems to slow down.
The water moccasin dies!
Sif Muna accepts your kill.
You swap places.
You swap places.
You swap places.
You swap places.
Your ice beast disappears in a puff of smoke!
You now have 492 gold pieces (gained 17).
There is a stone staircase leading down here.
You regained 4 hp, and now have 61/69 hp.
You regained 3 mp, and now have 10/17 mp.
A vampire is nearby!
You miscast Summon Ice Beast.
You are very lightly contaminated with residual magic.
Frost spreads across the the floor.
You now have 6/17 mp.
Unknown command.
You miscast Summon Ice Beast.
Your hands feel numb with cold.
The vampire casts a spell.
The vampire flickers and vanishes!
Deactivating autopickup; reactivate with Ctrl-A.
You now have 2/17 mp.
Unknown command.
Okay, then.
Unknown command.
Unknown command.
Okay, then.
Unknown command.
Unknown command.
Something hits your ice beast! Something bites your ice beast!
Your ice beast dies!
Things that are here:
a jackal corpse x3
You see here a leopard gecko corpse.
You hear some strange, mumbled words.
You are confused.
You bump into the rock wall.
You bump into the rock wall.
You're too confused to move!
Something hits you but does no damage. Something bites you!
Something draws strength from your injuries!
You take 9 damage, and have 56/69 hp.
You bump into the rock wall.
Something hits you but does no damage. Something bites you!
Something draws strength from your injuries!
You take 10 damage, and have 46/69 hp.
You hear some strange, mumbled words.
Something tries to affect you, but you resist.
You bump into the rock wall.
You feel less confused.
There is a stone staircase leading up here.
Something hits you but does no damage. Something bites you but does no damage.
You climb upwards.
There is a stone staircase leading down here.
There is a stone staircase leading up here.
You start resting.
Your magical contamination has completely faded away.
You regained 7 hp, and now have 57/69 hp.
You regained 4 mp, and now have 12/17 mp.
You start resting.
Health restored: 69; MP restored: 17 Search for what [Enter for "ego", or ? for help]? sinv Can't find anything matching that.
Okay, then.
Unknown command.
Unknown command.
Okay, then.
Unknown command.
Okay, then.

#.#.######.#.##.#####..#.#
##)#.# ##.#.##.# #..#)#
.....#####....##.# #..#)#
...).............# #..#)#
##)#######..>....# #..#.#
...# ##.####.# #..#.# #..#
#.# #.# #..#.####### ...#
#.####<#####..#........
#.##
#.....@..).......^.####
#.# ######..#####.####.#
#.# #..# #.# #.# #.# #..#
#.# #.# #.# #..#
##.####.#### #.# #..#
#........... #.#
#..####..####.#### ..#
#........# #.# #####
#...###.## #.# ##


There were no monsters in sight!

Vanquished Creatures
  Sigmund (D:3)
  A spriggan (D:8)
  A steam dragon (D:8)
  2 hungry ghosts
  Edmund (D:6)
  Duvessa (D:4)
  4 orc warriors
  Purgy (D:3)
  A sky beast (D:7)
  3 ice beasts
  A black bear (D:6)
  A phantom (D:7)
  3 ogres
  4 centaurs
  3 bullfrogs
  A water moccasin zombie (D:7)
  A gnoll sergeant (D:8)
  Dowan (D:4)
  3 scorpions
  A howler monkey (D:5)
  2 crimson imps
  6 hounds
  5 orc priests
  2 jellies
  Jessica (D:2)
  2 centaur skeletons
  5 iguanas
  14 orc wizards
  Natasha (thrice) (D:4)
  6 worker ants
  A hound skeleton (D:8)
  A howler monkey zombie (D:6)
  8 adders
  4 gnolls
  3 shadow imps (D:6)
  2 oozes
  An adder zombie (D:8)
  3 worms
  5 dart slugs
  8 leopard geckos
  45 orcs
  5 ball pythons
  9 bats
  2 giant cockroaches
  7 goblins
  12 hobgoblins
  10 jackals
  4 quokkas
  6 frilled lizards
  11 kobolds
  A quokka skeleton (D:4)
  15 rats
244 creatures vanquished.

Vanquished Creatures (collateral kills)
  A water moccasin (D:8)
1 creature vanquished.

Grand Total: 245 creatures vanquished

Notes
Turn   | Place    | Note
-------+----------+-------------------------------------------
     0 | D:1      | mhoghedin the Draconian Venom Mage began the quest for the Orb.
     0 | D:1      | Reached XP level 1. HP: 14/14 MP: 3/3
    96 | D:1      | Reached XP level 2. HP: 9/20 MP: 3/5
  1180 | D:1      | Reached skill level 4 in Poison Magic
  1180 | D:1      | Reached XP level 3. HP: 21/26 MP: 6/6
  1364 | D:1      | Learned a level 2 spell: Poisonous Vapours
  1368 | D:1      | Learned a level 3 spell: Mephitic Cloud
  1368 | D:1      | Gained mutation: Your tail ends in a poisonous barb. [potion of mutation]
  1368 | D:1      | Gained mutation: Your spells are a little harder to cast, but a little more powerful. [potion of mutation]
  1368 | D:1      | Gained mutation: You have a pair of small antennae on your head. [potion of mutation]
  1423 | D:2      | Reached skill level 2 in Stealth
  1575 | D:2      | Noticed Jessica
  1591 | D:2      | Killed Jessica
  1591 | D:2      | Reached skill level 1 in Short Blades
  1591 | D:2      | Reached XP level 4. HP: 24/33 MP: 1/7
  1656 | D:2      | Found a shadowy altar of Dithmenos.
  1819 | D:2      | Noticed a water elemental
  1821 | D:2      | Found a stormy altar of Qazlal.
  1822 | D:2      | Noticed a fire elemental
  1822 | D:2      | Noticed an air elemental
  1822 | D:2      | Noticed an earth elemental
  1832 | D:2      | Reached skill level 3 in Stealth
  2525 | D:3      | Reached skill level 1 in Air Magic
  2525 | D:3      | Reached XP level 5. HP: 27/38 MP: 2/8
  2655 | D:3      | Noticed Sigmund
  2655 | D:3      | Noticed Grinder
  2998 | D:3      | Found a shattered altar of Ashenzari.
  3002 | D:3      | Found a glowing golden altar of the Shining One.
  3003 | D:3      | Found a deep blue altar of Sif Muna.
  3041 | D:3      | Became a worshipper of Sif Muna the Loreminder
  3106 | D:3      | Killed Sigmund
  3106 | D:3      | Reached skill level 2 in Conjurations
  3106 | D:3      | Reached skill level 2 in Air Magic
  3106 | D:3      | Reached XP level 6. HP: 45/45 MP: 2/9
  3152 | D:3      | Learned a level 4 spell: Olgreb's Toxic Radiance
  3185 | D:3      | Reached skill level 5 in Poison Magic
  3326 | D:3      | You fall through a shaft for 2 floors!
  3326 | D:5      | Entered Level 5 of the Dungeon
  3339 | D:5      | Found a radiant altar of Vehumet.
  3524 | D:5      | Found Tomeh's Book Shop.
  3600 | D:5      | Reached * piety under Sif Muna
  3600 | D:5      | Reached skill level 6 in Poison Magic
  3711 | D:5      | Found a sparkling altar of Nemelex Xobeh.
  3819 | D:5      | Found a burning altar of Makhleb.
  3829 | D:5      | Your scales start taking on a dull iron-grey colour.
  3829 | D:5      | Reached XP level 7. HP: 48/50 MP: 10/10
  3829 | D:5      | Gained mutation: You can survive without breathing. [Grey Draconian growth]
  4015 | D:5      | Found a blossoming altar of Fedhas.
  4216 | D:4      | Reached skill level 3 in Spellcasting
  4238 | D:3      | HP: 10/50 [orc/enchanted hand axe (5)]
  4522 | D:4      | Noticed Duvessa
  4522 | D:4      | Noticed Dowan
  4526 | D:4      | Killed Duvessa
  4526 | D:4      | Reached skill level 4 in Spellcasting
  4529 | D:4      | Killed Dowan
  4540 | D:4      | Learned a level 5 spell: Venom Bolt
  4544 | D:4      | Noticed Natasha
  4548 | D:4      | Killed Natasha
  4553 | D:4      | Noticed Purgy
  4672 | D:4      | Noticed Natasha
  4677 | D:4      | Killed Natasha
  4677 | D:4      | Reached skill level 3 in Conjurations
  4696 | D:3      | Killed Purgy
  4696 | D:3      | Reached XP level 8. HP: 57/57 MP: 7/14
  4756 | D:4      | Reached ** piety under Sif Muna
  4840 | D:4      | Noticed Natasha
  4846 | D:4      | Killed Natasha
  4904 | D:4      | Reached skill level 4 in Conjurations
  4919 | D:4      | Reached skill level 7 in Poison Magic
  5133 | D:4      | Identified the Reference Book on Heat and the Snowflakes
  5458 | D:6      | Reached skill level 5 in Conjurations
  5526 | D:6      | Found Fyitam's Distillery.
  5610 | D:6      | Found a staircase to the Ecumenical Temple.
  5671 | D:6      | Reached skill level 8 in Poison Magic
  5717 | D:6      | Reached *** piety under Sif Muna
  5717 | D:6      | Reached skill level 6 in Conjurations
  5724 | D:6      | Reached XP level 9. HP: 48/62 MP: 1/15
  5818 | D:6      | HP: 4/62 [something (16)]
  6141 | D:6      | Noticed Edmund
  6149 | D:6      | Killed Edmund
  6487 | D:7      | Reached skill level 5 in Spellcasting
  6493 | D:7      | Learned a level 4 spell: Summon Ice Beast
  6530 | D:7      | Reached skill level 1 in Summonings
  6530 | D:7      | Reached skill level 1 in Ice Magic
  6552 | D:7      | Reached skill level 2 in Summonings
  6555 | D:7      | Reached skill level 2 in Ice Magic
  6564 | D:7      | HP: 15/62 [orc priest/whip (4)]
  6832 | D:7      | Reached **** piety under Sif Muna
  6832 | D:7      | Reached skill level 3 in Ice Magic
  6870 | D:7      | Reached skill level 3 in Summonings
  7259 | D:7      | Reached skill level 4 in Summonings
  7259 | D:7      | Reached skill level 4 in Ice Magic
  7290 | D:7      | HP: 15/62 [orc warrior/trident (22)]
  7885 | D:8      | HP: 12/62 [something (8)]
  7909 | D:8      | Found Acraha's Magic Scroll Shop.
  7916 | D:8      | HP: 11/62 [orc priest/divine providence (8)]
  7921 | D:8      | HP: 10/62 [something (2)]
  8321 | D:8      | Reached XP level 10. HP: 66/69 MP: 17/17
  8377 | D:8      | Reached skill level 5 in Ice Magic
  8391 | D:8      | Reached skill level 5 in Summonings
  8825 | D:8      | Reached ***** piety under Sif Muna
  8825 | D:8      | Identified Sif Muna's Incunabulum of Contamination and Combat Magic (Sif Muna gifted it to you on level 8 of the Dungeon)
  8825 | D:8      | Received a gift from Sif Muna
  8825 | D:8      | Reached skill level 7 in Conjurations
  8841 | D:8      | Reached skill level 9 in Poison Magic
  9052 | D:7      | Quit the game

Vault maps used:
D:1:      grunt_arrival_lava_bath, serial_co_window_serial, co_window_paths_b,
          co_window_of_opportunity_a, co_window_paths_b, co_window_paths_b,
          co_window_of_opportunity_a, co_window_paths_c, co_window_broadway_a,
          co_window_of_opportunity_c, co_window_unsneaky_path_a,
          co_window_corner_cb, glass_columns_b, columned_hall_lemuel,
          minmay_tall_x
D:2:      nicolae_qazlal_style_of_elements, nicolae_overflow_hidden_temple,
          minmay_vboxes, uniq_jessica
D:3:      grunt_temple_overflow_open, first_bread, uniq_sigmund, uniq_grinder
D:4:      uniq_duvessa, uniq_purgy, uniq_natasha
D:5:      makhleb_grotto_becter, nemelex_altar_shiori, vehumet_altar_wand_db,
          lemuel_coloured_pillars_altar, serial_shops, shop
D:6:      wad_river_or_something, temple_pool_b, serial_shops, shop, uniq_edmund
D:8:      serial_shops, nicolae_shop_crystal, the_bakery,
          hangedman_minor_gate_pass

Skill      XL: |  1  2  3  4  5  6  7  8  9 10 |
---------------+-------------------------------+-----
Poison Magic   | 4 6 8 9 |  9.0
Stealth        | 2 3 |  3.1
Short Blades   | 1 |  1.4
Air Magic      | 1 2 |  2.0
Conjurations   | 2 3 6 7 |  7.1
Spellcasting   | 4 5 |  5.0
Summonings     | 4 5 |  5.2
Ice Magic      | 4 5 |  5.3
Dodging        | |  1.8

Action                   |  1- 3 |  4- 6 |  7- 9 | 10-12 || total
-------------------------+-------+-------+-------+-------++-------
Melee: Dagger            |    61 |       |       |       ||    61
       Tailslap          |     9 |    14 |    47 |     9 ||    79
       Short sword       |    75 |   151 |    49 |       ||   275
       Hand axe          |       |       |   389 |    63 ||   452
 Cast: Sting             |    18 |     7 |       |       ||    25
       Poisonous Vapours |     2 |    11 |    29 |     2 ||    44
       Mephitic Cloud    |       |     4 |    10 |     2 ||    16
       Olgreb's Toxic Ra |       |       |     4 |     3 ||     7
       Summon Ice Beast  |       |       |     2 |     2 ||     4
       Venom Bolt        |       |       |     2 |       ||     2
Invok: Divine Energy     |       |       |     1 |       ||     1
  Use: Potion            |     3 |     1 |     4 |       ||     8
       Scroll            |       |     7 |     3 |       ||    10
 Stab: Sleeping          |     5 |     6 |     5 |       ||    16
       Confused          |       |     4 |       |     2 ||     6
       Distracted        |       |       |     1 |       ||     1
  Eat: Chunk             |     2 |     9 |    25 |     7 ||    43
       Bread ration      |       |       |     1 |       ||     1
Armor: Skin              |    69 |    36 |   216 |    29 ||   350
Dodge: Dodged            |   119 |    93 |   355 |    46 ||   613

Table legend:
 A = Spawn XP
 B = Non-spawn XP
 C = Spawn XP percentage of total XP
 D = Spawn monster count
 E = Non-spawn monster count
 F = Spawn count percentage of total count
 G = Total turns spent on level
                    A         B        C        D         E        F      G
               +---------+---------+-------+---------+---------+-------+---------
         Total |       0 |    6779 |   0.0 |       0 |     245 |   0.0 |  9052
               +---------+---------+-------+---------+---------+-------+---------
           D:1 |       0 |      50 |   0.0 |       0 |      29 |   0.0 |  1350
           D:2 |       0 |     121 |   0.0 |       0 |      34 |   0.0 |  1123
           D:3 |       0 |     497 |   0.0 |       0 |      29 |   0.0 |  1252
           D:4 |       0 |     734 |   0.0 |       0 |      24 |   0.0 |   731
           D:5 |       0 |     406 |   0.0 |       0 |      15 |   0.0 |   898
           D:6 |       0 |    1540 |   0.0 |       0 |      35 |   0.0 |  1127
           D:7 |       0 |    1713 |   0.0 |       0 |      34 |   0.0 |  1424
           D:8 |       0 |    1718 |   0.0 |       0 |      45 |   0.0 |  1147
               +---------+---------+-------+---------+---------+-------+---------

Vault maps used:
D:1:      grunt_arrival_lava_bath, serial_co_window_serial, co_window_paths_b,
          co_window_of_opportunity_a, co_window_paths_b, co_window_paths_b,
          co_window_of_opportunity_a, co_window_paths_c, co_window_broadway_a,
          co_window_of_opportunity_c, co_window_unsneaky_path_a,
          co_window_corner_cb, glass_columns_b, columned_hall_lemuel,
          minmay_tall_x
D:2:      nicolae_qazlal_style_of_elements, nicolae_overflow_hidden_temple,
          minmay_vboxes, uniq_jessica
D:3:      grunt_temple_overflow_open, first_bread, uniq_sigmund, uniq_grinder
D:4:      uniq_duvessa, uniq_purgy, uniq_natasha
D:5:      makhleb_grotto_becter, nemelex_altar_shiori, vehumet_altar_wand_db,
          lemuel_coloured_pillars_altar, serial_shops, shop
D:6:      wad_river_or_something, temple_pool_b, serial_shops, shop, uniq_edmund
D:8:      serial_shops, nicolae_shop_crystal, the_bakery,
          hangedman_minor_gate_pass

Table legend:
 A = Turns spent in this place as a percentage of turns spent in the entire game.
 B = Non-inter-level travel turns spent in this place as a percentage of non-inter-level travel turns spent in the entire game.
 C = Inter-level travel turns spent in this place as a percentage of turns spent in this place.
 D = Turns resting spent in this place as a percentage of non-inter-level travel turns spent in this place.
 E = Turns spent auto-exploring this place as a percentage of non-inter-level travel turns spent in this place.
 F = Non-inter-level travel turns spent in this place divided by the number of levels of this place that you've seen.
                   A       B       C       D       E      F
               +-------+-------+-------+-------+-------+----------------------
         Total | 100.0 | 100.0 |   3.6 |  33.3 |  42.7 | 1090.4
       Dungeon | 100.0 | 100.0 |   3.6 |  33.3 |  42.7 | 1090.4
               +-------+-------+-------+-------+-------+----------------------

Table legend:
 A = Kills in this place as a percentage of kills in entire the game.
 B = Kills by you in this place as a percentage of kills by you in the entire game.
 C = Kills by friends in this place as a percentage of kills by friends in the entire game.
 D = Other kills in this place as a percentage of other kills in the entire game.
 E = Experience gained in this place as a percentage of experience gained in the entire game.
 F = Experience gained in this place divided by the number of levels of this place that you have seen.
                   A       B       C       D       E      F
               +-------+-------+-------+-------+-------+----------------------
         Total | 100.0 | 100.0 | 100.0 | 100.0 | 100.0 | 847.4
       Dungeon | 100.0 | 100.0 | 100.0 | 100.0 | 100.0 | 847.4
               +-------+-------+-------+-------+-------+----------------------
